 Dungeon Crawl Stone Soup version 0.29.1-12-g30fa7ad0bf (webtiles) character file.

Game seed: 11063230655293901919

1323 Valen the Ducker (level 8, -4/72 HPs)
             Began as a Troll Artificer on Dec 30, 2022.
             Was an Initiate of the Shining One (penitent).
             Slain by an orc warrior
             ... wielding a +0 battleaxe
              (20 damage)
             ... on level 7 of the Dungeon.
             The game lasted 00:12:08 (1870 turns).

Valen the Ducker (Troll Artificer)                  Turns: 1870, Time: 00:12:09

Health: -4/72      AC:  8    Str: 21    XL:     8   Next: 33%
Magic:  9/9        EV: 10    Int:  9    God:    the Shining One [......]
Gold:   274        SH:  0    Dex: 10    Spells: 9/9 levels left

rFire   . . .      SeeInvis .   l - +8 rapier "Orb Guardian's Regret" {elec, *Rage +Blink Fly}
rCold   . . .      Faith    .   (no shield)
rNeg    . . .      Spirit   .   b - +0 robe
rPois   .          Reflect  .   (helmet restricted)
rElec   .          Harm     .   (no cloak)
rCorr   .          Rampage  .   (gloves unavailable)
Will    .....      Rage     20% (boots unavailable)
Stlth   ++........              (no amulet)
HPRegen 1.02/turn               j - +4 ring of protection
MPRegen 0.11/turn               (no ring)

@: mighty, on berserk cooldown, attractive, flying, slowed, very slow
A: large, unfitting armour, claws 3, regeneration 1, shaggy fur 1, tough skin 1
a: Renounce Religion, Evoke Blink


You were on level 7 of the Dungeon.
You worshipped the Shining One.
The Shining One was demanding penance.
You visited 2 branches of the dungeon, and saw 8 of its levels.

You collected 274 gold pieces.

Inventory:

Hand Weapons
 a - a +0 club
 l - the +8 rapier "Orb Guardian's Regret" (weapon) {elec, *Rage +Blink Fly}
   (You found it on level 4 of the Dungeon)

   It occasionally discharges a powerful burst of electricity upon striking a
   foe.
   Fly:       It grants you flight.
   +Blink:    It lets you blink.
   *Rage:     It berserks you when you make melee attacks (+20% chance).
Missiles
 h - 4 javelins (quivered)
Armour
 b - a +0 robe (worn)
Jewellery
 j - a +4 ring of protection (left claw)
Wands
 c - a wand of flame (11)
 d - a wand of charming (11)
 e - a wand of iceblast (2)
Scrolls
 g - a scroll of enchant weapon {unknown}
 i - 2 scrolls of immolation
 k - 2 scrolls of poison
 m - a scroll of teleportation
 p - a scroll of magic mapping {unknown}
Potions
 f - a potion of cancellation {unknown}


   Skills:
 * Level 2.3 Fighting
 * Level 2.0 Short Blades
 * Level 2.2 Maces & Flails
 * Level 2.1 Throwing
 * Level 2.0 Armour
 * Level 3.7 Dodging
 * Level 1.5 Stealth
 * Level 3.6 Unarmed Combat
 * Level 1.4 Spellcasting
 * Level 1.5 Invocations
 * Level 3.4 Evocations


You had 9 spell levels left.
You didn't know any spells.
Your spell library was empty.

Dungeon Overview and Level Annotations

Branches:
Dungeon (7/15)             Temple (1/1) D:4

Altars:
Ashenzari
Dithmenos
Fedhas
Hepliaklqana
Makhleb
Okawaru
Qazlal
Trog
Uskayaw
Vehumet
Xom
Zin
The Shining One


Innate Abilities, Weirdness & Mutations

You are too large for most types of armour.
You have claws for hands.
Your natural rate of healing is unusually fast.
You are covered in fur. (AC +1)
You have tough skin. (AC +1)


Message History

Are you sure you want to stumble around while confused and next to your ally the ufetubus?
This could place you under penance!
Okay, then.
You feel a strong urge to attack something.
Your ufetubus hits the orc warrior but does no damage. x2
The orc warrior hits you with a +0 battleaxe!
The orc warrior closely misses your ufetubus.
The orc wizard hits your ufetubus with a +0 dagger.
Your ufetubus dies!
The orc warrior barely misses you.
There is a large open door here.
You feel your anger nearly subside.
You are no longer berserk.
You are exhausted.
You feel yourself slow down.
You closely miss the orc wizard.
The orc warrior hits you with a +0 battleaxe!!
* * * LOW HITPOINT WARNING * * *
The orc wizard hits you but does no damage. x2
The orc warrior misses you.
You're too confused to move!
You feel less confused.
The orc warrior hits you with a +0 battleaxe.
* * * LOW HITPOINT WARNING * * *
The orc wizard gestures wildly while chanting.
The orc wizard flickers and vanishes!
Deactivating autopickup; reactivate with Ctrl-A.
It was a potion of attraction.
You feel attractive to monsters. The orc warrior misses you.
You hear some strange, mumbled words.
A magic dart appears from out of thin air!
The magic dart hits you.
* * * LOW HITPOINT WARNING * * *
Something hits you.
* * * LOW HITPOINT WARNING * * *
The orc warrior barely misses you.
Unknown command.
It was a potion of might.
You feel very mighty all of a sudden.
The orc warrior hits you with a +0 battleaxe!!
You die...

#.. #.#
#.###.......
..## #.##.#
#.......
..###...#
##....##
#.#.#######.#.##
#####
#..........#.#
##....#
#.##########.#
#......##..# #.#
...$$..o##.# #.#
..$..${@'..# #.#
..$..$..'.## #.#
...$$...### #.#
#......## #.#
##:...### #.###
######.####
#.... #.......#
##.## #..>....#
#..>.
####....<..##
##.##


You could see an orc warrior.

Vanquished Creatures
  Sigmund (D:3)
  A shadow (D:5)
  2 sky beasts
  An ogre (D:7)
  An orc warrior (D:5)
  A centaur (D:7)
  A phantom (D:6)
  A scorpion (D:6)
  2 hounds
  An orc priest (D:6)
  2 iguanas
  5 orc wizards
  6 adders
  A shadow imp (D:6)
  An adder zombie (D:3)
  2 worms (D:2)
  2 dart slugs
  10 orcs
  2 ball pythons (D:4)
  4 endoplasms
  3 giant cockroaches
  4 goblins
  2 hobgoblins
  3 jackals (D:2)
  A bat (D:1)
  2 kobolds (D:2)
  A rat (D:1)
63 creatures vanquished.

Vanquished Creatures (collateral kills)
  A bullfrog (D:7)
1 creature vanquished.

Vanquished Creatures (others)
  An ufetubus (D:7)
1 creature vanquished.

Grand Total: 65 creatures vanquished

Notes
Turn   | Place    | Note
-------+----------+-------------------------------------------
     0 | D:1      | Valen the Troll Artificer began the quest for the Orb.
     0 | D:1      | Reached XP level 1. HP: 18/18 MP: 0/0
   260 | D:1      | Reached XP level 2. HP: 26/26 MP: 1/1
   345 | D:2      | Reached skill level 1 in Fighting
   442 | D:2      | Reached XP level 3. HP: 33/33 MP: 2/2
   553 | D:3      | Noticed Sigmund
   577 | D:3      | Killed Sigmund
   578 | D:3      | Reached skill level 1 in Maces & Flails
   578 | D:3      | Reached skill level 1 in Armour
   578 | D:3      | Reached skill level 1 in Unarmed Combat
   578 | D:3      | Reached XP level 4. HP: 39/41 MP: 3/3
   578 | D:3      | Reached XP level 5. HP: 46/48 MP: 4/4
   628 | D:4      | Reached skill level 1 in Stealth
   732 | D:4      | Found a staircase to the Ecumenical Temple.
   744 | Temple   | Entered the Ecumenical Temple
   800 | Temple   | Became a worshipper of the Shining One
   904 | D:4      | Identified the +8 rapier "Orb Guardian's Regret" {elec,
                  | *Rage +Blink Fly}
  1025 | D:4      | Reached XP level 6. HP: 55/55 MP: 5/5
  1040 | D:5      | Entered Level 5 of the Dungeon
  1040 | D:5      | Noticed a shadow
  1042 | D:5      | Killed a shadow
  1043 | D:5      | Reached skill level 1 in Throwing
  1071 | D:5      | Noticed an orc warrior
  1072 | D:5      | Found a bloodstained altar of Trog.
  1080 | D:5      | Killed an orc warrior
  1093 | D:5      | Reached XP level 7. HP: 51/62 MP: 7/7
  1145 | D:5      | Reached skill level 1 in Spellcasting
  1280 | D:6      | Reached skill level 1 in Short Blades
  1280 | D:6      | Reached skill level 1 in Invocations
  1381 | D:6      | Was placed under penance by the Shining One
  1484 | D:6      | Reached XP level 8. HP: 48/72 MP: 8/8
  1870 | D:7      | Slain by an orc warrior

Illustrated notes

Levels and vault maps discovered:
D:1:      lightli_arrival_farm, layout_loops_cross,
          dilly_ecumenical_altar_fadedgnrine, chequers_serial_rivers_small_b,
          minmay_misc_feat_alley, nicolae_titane
D:2:      layout_loops_ring
D:3:      layout_basic, serial_undead, serial_undead_e, serial_undead_f,
          serial_undead_f, serial_undead_c, uniq_sigmund
D:4:      layout_rooms, chei_slow_surprise, minmay_temple_entry_waves
D:5:      layout_basic, lemuel_mausoleum_altar_kikubaaqudgha,
          nzn_overflow_gifts_of_might_and_magic, serial_shops, shop,
          item_on_display_a
D:6:      layout_cave_pools
D:7:      minmay_polygon_palace, layout_loops_ring
Temple:   nicolae_temple_bog_church

Skill      XL: |  1  2  3  4  5  6  7  8 |
---------------+-------------------------+-----
Dodging        | 2 3 |  3.7
Fighting       | 1 2 |  2.3
Maces & Flails | 1 2 |  2.2
Armour         | 1 2 |  2.0
Unarmed Combat | 1 2 3 |  3.6
Stealth        | 1 |  1.5
Evocations     | 3 |  3.4
Throwing       | 1 2 |  2.1
Spellcasting   | 1 |  1.4
Short Blades   | 1 2 |  2.0
Invocations    | 1 |  1.5

Action                   |  1- 3 |  4- 6 |  7- 9 || total
-------------------------+-------+-------+-------++-------
Melee: Unarmed           |    46 |    22 |       ||    68
       Rapier            |       |    10 |    78 ||    88
       Punch             |       |     1 |     5 ||     6
Throw: Javelin           |     1 |    11 |    12 ||    24
Evoke: Wand              |     4 |     3 |     4 ||    11
  Use: Scroll            |       |     3 |       ||     3
       Potion            |       |       |     2 ||     2
Armor: Robe              |    11 |    10 |    64 ||    85
Dodge: Dodged            |    28 |    18 |    69 ||   115
